AoeStats
← Infadel

Arabia

510428677Analyzed
1v1 RM · 1d ago on Oct 1, 2026· 47m 13s· 2 players
Game mode
Random Map
Map size
Tiny (2 player)
Population
200
Speed
Normal
Resources
Standard
Victory
Conquest
Starting age
Dark Age
Ending age
Imperial Age
RankedLock teamsTeams togetherTeam positionsShared explorationLock speedFull tech treeHidden civsTurbo modeCheats
Victory
Defeat
🇦🇷 Vietnamese · Argentina
1114
+15
🇮🇳 Burgundians · India
1103
-15
Infadel
5:10 Loom
7:30 Loom
9:35 Feudal Age
8:23 Double-Bit Axe
14:41 Bow Saw
15:43 Horse Collar
17:12 Gold Mining
19:22 Fletching
22:41 Forging
23:20 Heavy Plow
26:40 Castle Age
25:41 Padded Archer Armor
25:46 Stone Mining
26:51 Scale Barding Armor
26:53 Elite Skirmisher
31:23 Stone Shaft Mining
32:15 Bodkin Arrow
36:20 Wheelbarrow
40:41 Town Watch
Chad.FM
3:24 Loom
10:06 Feudal Age
10:36 Double-Bit Axe
15:00 Fletching
23:15 Castle Age
22:57 Padded Archer Armor
24:08 Wheelbarrow
23:51 Crossbowman
24:27 Bodkin Arrow
27:55 Leather Archer Armor
29:43 Bow Saw
32:22 Thumb Ring
34:36 Horse Collar
36:49 Ballistics
41:25 Imperial Age
40:29 Hand Cart
40:10 Elite Skirmisher
43:43 Arbalester
Connection lost

Rejoining the realm…

Still unreachable

The connection could not be restored.

Session expired

The server has moved on; the page needs a fresh start.